 Dungeon Crawl Stone Soup version bcrawl-1.13 (webtiles) character file.

Game seed: 17437586782446824208

121 Camlann the Cudgeler (level 4, -3/35 HPs)
             Began as a Demonspawn Archaeologist on July 27, 2019.
             Killed by divine providence
             ... invoked by an orc priest
              (11 damage)
             ... on level 3 of the Dungeon.
             The game lasted 00:04:09 (1588 turns).

Camlann the Cudgeler (Demonspawn Archaeologist)     Turns: 1588, Time: 00:04:09

Health: -3/35      AC: 13    Str: 12    XL:     4   Next: 77%
Magic:  4/4        EV: 12    Int: 15    God:
Gold:   174        SH:  0    Dex: 12    Spells: 3/3 levels left

rFire    . . .     SeeInvis .   d - +0 blowgun
rCold    . . .     Gourm    .   (no shield)
rNeg     . . .     Faith    .   n - +3 leather armour
rPois    .         Spirit   .   c - +2 hat
rElec    .         Reflect  .   (no cloak)
rCorr    .         Harm     .   (no gloves)
MR       .....                  m - +2 pair of boots
Stlth    ++........             (no amulet)
HPRegen  0.11/turn              l - ring of wizardry
MPRegen  0.09/turn              (no ring)

@: studying Maces & Flails
A: claws 1, thin metallic scales 1
a: no special abilities


You were on level 3 of the Dungeon.
You were not hungry.

You visited 1 branch of the dungeon, and saw 3 of its levels.

You collected 174 gold pieces.

Inventory:

Hand Weapons
 a - a +1 whip
 d - a +0 blowgun (weapon)
 o - a +2 dagger of venom
Missiles
 h - 159 poisoned needles (quivered)
Armour
 c - a +2 hat (worn)
 m - a +2 pair of boots (worn)
 n - a +3 leather armour (worn)
Jewellery
 l - a ring of wizardry (left claw)
Scrolls
 i - a scroll of blinking {unknown}
 p - a scroll of noise {unknown}
 q - a scroll of remove curse
Potions
 j - a potion of brilliance {unknown}
 k - a potion of degeneration {unknown}
 r - a potion of flight {unknown}
Books
 e - a manual of Maces & Flails
Miscellaneous
 f - an ancient crate
Comestibles
 b - a chunk of flesh
 g - 4 rations {!d}


   Skills:
 - Level 3.0 Fighting
 + Level 4.6 Maces & Flails
 - Level 2.6 Dodging
 - Level 3.0 Stealth


You had 3 spell levels left.
You didn't know any spells.
Your spell library was empty.

Dungeon Overview and Level Annotations

Branches:
Dungeon (3/12)

Altars:
Dithmenos
Sif Muna
Trog


Innate Abilities, Weirdness & Mutations

You have sharp fingernails.
You are partially covered in thin metallic scales. (AC +2)


Message History

Firing (i - inventory)
h - 161 poisoned needles (quivered)
Aim: an orc, wielding a +0 club and wearing a cursed +0 leather armour (heavily wounded, poisoned)
You shoot a poisoned needle.
The poisoned needle closely misses the orc.
The orc closely misses you. The orc priest hits you with a +0 whip.
Firing (i - inventory)
h - 160 poisoned needles (quivered)
Aim: an orc priest, wielding a +0 whip You shoot a poisoned needle.
The poisoned needle hits the orc priest.
The orc priest is poisoned.
You kill the orc!
The orc priest hits you from afar with a +0 trident of freezing!
The orc priest freezes you.
The orc priest hits you but does no damage.
The orc priest invokes the aid of Beogh against you.
Beogh smites you!
* * * LOW HITPOINT WARNING * * *
The orc priest calls down the wrath of Beogh upon you.
Beogh smites you!
You die...

#.. #.# #.# #.# #.# #.#
#.# ######.# # #.#
#.#....##.# .
#.#####.#....... ...
#.......#....####
.....##.###...#.......#
.......<......@.o.o)#.#
..............#..#..# ..
..............#..#..# ?..
..............#..#....
...
..............#........
..
..............#.###.#(#.#
# ................. .....
. ................. .#.#.


You could see 2 orc priests.

Vanquished Creatures
  An orc wizard (D:2)
  3 adders (D:2)
  A worm (D:2)
  A dart slug (D:1)
  5 leopard geckos
  10 orcs
  5 bats
  A goblin (D:2)
  5 hobgoblins
  3 jackals (D:2)
  3 kobolds
  A quokka (D:2)
  A ball python (D:1)
  2 frilled lizards
  2 rats
44 creatures vanquished.

Notes
Turn   | Place    | Note
-------+----------+-------------------------------------------
     0 | D:1      | Camlann the Demonspawn Archaeologist began the quest for
                  | the Orb.
     0 | D:1      | Reached XP level 1. HP: 15/15 MP: 1/1
   183 | D:1      | Gained mutation: You are partially covered in thin metallic
                  | scales. (AC +2) [demonic ancestry]
   183 | D:1      | Reached XP level 2. HP: 16/22 MP: 2/2
   750 | D:2      | Reached XP level 3. HP: 20/29 MP: 3/3
   892 | D:2      | Found a deep blue altar of Sif Muna.
   922 | D:2      | Reached skill level 1 in Maces & Flails
   929 | D:2      | Reached skill level 3 in Maces & Flails
   944 | D:2      | Gained mutation: You have sharp fingernails. [demonic
                  | ancestry]
   944 | D:2      | Reached XP level 4. HP: 35/35 MP: 4/4
   966 | D:2      | Found a shadowy altar of Dithmenos.
  1021 | D:2      | Found a bloodstained altar of Trog.
  1121 | D:2      | Reached skill level 4 in Maces & Flails
  1588 | D:3      | Killed from afar by an orc priest

Skill      XL: |  1  2  3  4 |
---------------+-------------+-----
Fighting       | 2 3 |  3.0
Maces & Flails | 3 4 |  4.6
Dodging        | |  2.6
Stealth        | |  3.0

Action                   |  1- 3 |  4- 6 || total
-------------------------+-------+-------++-------
Melee: Whip              |    91 |       ||    91
 Fire: Blowgun           |     8 |    83 ||    91
  Use: Scroll            |     3 |       ||     3
 Stab: Sleeping          |     1 |       ||     1
  Eat: Chunk             |       |     2 ||     2
Armor: Robe              |    46 |    12 ||    58
       Leather armour    |       |    18 ||    18
Dodge: Dodged            |    68 |    66 ||   134
